 Dungeon Crawl Stone Soup version 0.29.1-14-g9c671dbff4 (webtiles) character file.

Game seed: 18008325769129183067

7909 Ayakakio the Cleaver (level 11, -4/94 HPs)
             Began as a Minotaur Fighter on Feb 14, 2023.
             Was a High Priest of Okawaru.
             Slain by an 11-headed hydra (13 damage)
             ... on level 3 of the Lair of Beasts.
             The game lasted 00:34:45 (8371 turns).

Ayakakio the Cleaver (Minotaur Fighter)             Turns: 8371, Time: 00:34:46

Health: -4/94      AC: 13    Str: 24 (25) XL:     11   Next: 3%
Magic:  9/10       EV: 11    Int:  2 (5)  God:    Okawaru [*****.]
Gold:   485        SH: 16    Dex: 15 (16) Spells: 10/10 levels left

rFire   + . .      SeeInvis +   B - +14 obsidian axe {vorpal, Mesm Drain Fly SInv}
rCold   + . .      Faith    .   e - +3 kite shield
rNeg    . . .      Spirit   .   d - +1 chain mail
rPois   +          Reflect  .   (helmet restricted)
rElec   +          Harm     .   (no cloak)
rCorr   +          Rampage  .   (no gloves)
Will    .....                   (no boots)
Stlth   ..........              g - amulet of regeneration
HPRegen 1.05/turn               c - +6 ring of dexterity
MPRegen 0.12/turn               l - ring of poison resistance

@: resistant, heroic, flying, mesmerised, studying Fire Magic
A: horns 2, retaliatory headbutt
a: Renounce Religion, Heroism, Finesse, Duel


You were on level 3 of the Lair of Beasts.
You worshipped Okawaru.
Okawaru was extremely pleased with you.
You visited 2 branches of the dungeon, and saw 12 of its levels.

You collected 667 gold pieces.
You spent 182 gold pieces at shops.

Inventory:

Hand Weapons
 a - a +1 war axe
 i - a +0 battleaxe
 B - the +14 obsidian axe (weapon) {vorpal, Mesm Drain Fly SInv}
   (Okawaru gifted it to you on level 3 of the Lair of Beasts)

   It inflicts extra damage upon your enemies.
   It occasionally summons demons to assist the wielder when it strikes in
   combat.
   Its wielder is mesmerised by any visible foes.
   It cannot be unequipped while any foes are visible.
   SInv:      It lets you see invisible.
   Fly:       It grants you flight.
   Drain:     It drains your maximum health when unequipped.
Armour
 d - a +1 chain mail (worn)
 e - a +3 kite shield (worn)
Jewellery
 c - a +6 ring of dexterity (left hand)
 g - an amulet of regeneration (around neck)
 l - a ring of poison resistance (right hand)
 o - a ring of wizardry
 y - a +4 ring of evasion
 A - a ring of wizardry
Wands
 j - a wand of acid (7)
Scrolls
 b - a scroll of summoning
 f - a scroll of torment
 k - 3 scrolls of identify
 n - 2 scrolls of amnesia
 r - 2 scrolls of magic mapping
 s - 2 scrolls of fear
 u - a scroll of vulnerability
 z - 4 scrolls of butterflies
 C - 2 scrolls of teleportation
Potions
 h - a potion of resistance
 m - 3 potions of curing
 p - a potion of cancellation
 q - 2 potions of berserk rage
 t - 3 potions of mutation
 v - a potion of flight
 w - 2 potions of attraction


   Skills:
 + Level 7.9(12.9) Fighting
 * Level 14.6(19.6) Axes
 + Level 8.2(13.2) Armour
 + Level 3.1(8.1) Dodging
 + Level 0.8(5.8) Stealth
 + Level 9.6(14.6) Shields
 + Level 1.2 Invocations


You had 10 spell levels left.
You didn't know any spells.
Your spell library contained the following spells:

 Spells                   Type           Power      Damage    Failure   Level
 Apportation              Tloc           0%         N/A       99%         1
 Scorch                   Fire           0%         2d5       100%        2
 Conjure Flame            Conj/Fire      0%         6-21      100%        3
 Mephitic Cloud           Conj/Pois/Air  0%         N/A       100%        3
 Flame Wave               Conj/Fire      0%         2d4       100%        4
 Alistair's Intoxication  Tmut/Pois      0%         N/A       100%        5
 Fireball                 Conj/Fire      0%         3d3       100%        5
 Irradiate                Conj/Tmut      0%         3d11      100%        5
 Summon Cactus Giant      Summ           Unusable   N/A       N/A         6

Dungeon Overview and Level Annotations

Branches:
Dungeon (9/15)             Temple (0/1) D:7            Lair (3/5) D:9
  Swamp: Lair:2-3    Shoals: Lair:2-3     Snake: Lair:2-3    Spider: Lair:2-3
    Orc: D:9-12

Altars:
Dithmenos
Elyvilon
Fedhas
Gozag
Okawaru
Ru
Sif Muna
Trog
Xom
The Shining One

Shops:
D:5 (

Annotations:
Lair:1 1 runed translucent door


Innate Abilities, Weirdness & Mutations

You have a pair of horns on your head.
You reflexively headbutt those who attack you in melee.


Message History

The ten-headed hydra barely misses you.
The ten-headed hydra bites you but does no damage.
The ten-headed hydra bites you. The ten-headed hydra bites you!
You block the ten-headed hydra's attack.
The ten-headed hydra barely misses you. The ten-headed hydra bites you!
* * * LOW HITPOINT WARNING * * *
You lop one of the ten-headed hydra's heads off!
The nine-headed hydra grows two more!
You slash the 11-headed hydra!
Your headbutt misses the 11-headed hydra.
The 11-headed hydra is almost dead.
You block the 11-headed hydra's attack. The 11-headed hydra bites you!
* * * LOW HITPOINT WARNING * * *
The 11-headed hydra bites you but does no damage.
You block the 11-headed hydra's attack. The 11-headed hydra barely misses you.
The 11-headed hydra bites you but does no damage. x2
You block the 11-headed hydra's attack.
The 11-headed hydra bites you but does no damage.
The 11-headed hydra bites you.
* * * LOW HITPOINT WARNING * * *
The 11-headed hydra bites you but does no damage.
You feel much better.
The 11-headed hydra bites you but does no damage.
The 11-headed hydra barely misses you.
The 11-headed hydra bites you but does no damage.
You block the 11-headed hydra's attack.
The 11-headed hydra bites you but does no damage.
The 11-headed hydra bites you. You block the 11-headed hydra's attack.
The 11-headed hydra misses you. The 11-headed hydra barely misses you.
The 11-headed hydra bites you. The 11-headed hydra closely misses you.
You feel protected. You block the 11-headed hydra's attack.
The 11-headed hydra barely misses you. The 11-headed hydra bites you.
The 11-headed hydra bites you!
* * * LOW HITPOINT WARNING * * *
The 11-headed hydra bites you!
* * * LOW HITPOINT WARNING * * *
The 11-headed hydra barely misses you. The 11-headed hydra bites you.
* * * LOW HITPOINT WARNING * * *
The 11-headed hydra bites you but does no damage.
You block the 11-headed hydra's attack. x2; The 11-headed hydra bites you!
You die...

## #########
.#####.###....#.P#
......D@.....=....
#..#####..........
#..........
###..........
#............
###..........
#..........
#.<........
#".........


You could see a 11-headed hydra (mesmerising).

Vanquished Creatures
  3 elephants (Lair:3)
  A cane toad (Lair:1)
  2 komodo dragons
  4 blink frogs (Lair:1)
  Sigmund (D:3)
  3 wyverns
  A yak (D:9)
  5 water moccasins
  4 black bears
  2 ice beasts (D:6)
  2 ogres
  9 wolves (Lair:2)
  3 centaurs
  A kobold brigand (D:6)
  A phantom (D:6)
  A gnoll sergeant (D:9)
  3 scorpions
  11 bullfrogs
  2 necrophages
  3 wights (D:7)
  8 killer bees
  3 hounds
  3 jellies
  A quasit (D:8)
  2 gnoll boudas
  Jessica (D:3)
  2 iguanas (D:6)
  An orc wizard (D:6)
  8 adders
  16 gnolls
  A white imp (D:6)
  An ufetubus (D:5)
  A worm (D:5)
  13 orcs
  3 ball pythons
  9 bats
  9 endoplasms
  5 giant cockroaches (D:1)
  5 goblins
  7 hobgoblins
  10 kobolds
  6 quokkas
  3 frilled lizards
  A goblin skeleton (D:8)
  2 hobgoblin zombies (D:8)
  A kobold skeleton (D:8)
  A kobold zombie (D:8)
  2 orc skeletons (D:8)
  3 orc zombies (D:8)
  4 rats
  A bush (Lair:1)
195 creatures vanquished.

Vanquished Creatures (others)
  19 fungi
  28 plants
  9 withered plants (D:2)
56 creatures vanquished.

Grand Total: 251 creatures vanquished

Notes
Turn   | Place    | Note
-------+----------+-------------------------------------------
     0 | D:1      | Ayakakio the Minotaur Fighter began the quest for the Orb.
     0 | D:1      | Reached XP level 1. HP: 19/19 MP: 0/0
   155 | D:1      | Reached XP level 2. HP: 27/27 MP: 1/1
   526 | D:1      | Reached skill level 3 in Axes
   595 | D:1      | Reached XP level 3. HP: 32/33 MP: 2/2
   882 | D:2      | Found an iron altar of Okawaru.
   895 | D:2      | Became a worshipper of Warmaster Okawaru
   969 | D:2      | Found a faded altar of an unknown god.
  1024 | D:2      | Identified the +2 short sword of Desmopiz {vorpal, rElec
                  | Str+7}
  1436 | D:3      | Noticed Sigmund
  1448 | D:3      | Killed Sigmund
  1448 | D:3      | Reached * piety under Okawaru
  1449 | D:3      | Reached skill level 5 in Axes
  1449 | D:3      | Reached skill level 1 in Dodging
  1449 | D:3      | Reached XP level 4. HP: 35/40 MP: 3/3
  1449 | D:3      | Reached XP level 5. HP: 40/46 MP: 4/4
  1621 | D:3      | Noticed a black bear
  1631 | D:3      | Killed a black bear
  1632 | D:3      | Reached skill level 5 in Shields
  1632 | D:3      | Reached XP level 6. HP: 51/52 MP: 2/5
  1759 | D:3      | Noticed Jessica
  1791 | D:3      | Killed Jessica
  1792 | D:3      | Reached skill level 5 in Armour
  2246 | D:4      | Reached skill level 6 in Axes
  2615 | D:4      | Reached XP level 7. HP: 43/60 MP: 6/6
  2619 | D:4      | Reached skill level 7 in Axes
  2972 | D:5      | Entered Level 5 of the Dungeon
  3286 | D:5      | Reached ** piety under Okawaru
  3287 | D:5      | Reached skill level 8 in Axes
  3301 | D:5      | Found a sacrificial altar of Ru.
  3440 | D:5      | Found a shimmering altar of Xom.
  3440 | D:5      | Found a shadowy altar of Dithmenos.
  3442 | D:5      | Found a shimmering blue altar of Sif Muna.
  3512 | D:5      | Reached XP level 8. HP: 67/67 MP: 7/7
  3529 | D:5      | Found Licriedaop's Antique Weapon Shoppe.
  3534 | D:5      | Bought a battleaxe for 182 gold pieces
  3906 | D:6      | Reached skill level 9 in Axes
  4183 | D:6      | Found an opulent altar of Gozag.
  4220 | D:6      | Reached skill level 5 in Fighting
  4220 | D:6      | Reached skill level 10 in Axes
  4393 | D:6      | Reached *** piety under Okawaru
  4757 | D:7      | Found a staircase to the Ecumenical Temple.
  4781 | D:7      | Reached XP level 9. HP: 42/74 MP: 5/8
  4782 | D:7      | Reached skill level 1 in Invocations
  4785 | D:7      | Reached skill level 11 in Axes
  5263 | D:7      | Found a white marble altar of Elyvilon.
  5263 | D:7      | Found a blossoming altar of Fedhas.
  5559 | D:8      | Found a bloodstained altar of Trog.
  5624 | D:8      | Found a glowing golden altar of the Shining One.
  5666 | D:8      | Got Vehumet's Atlas of the Wary Nightcaps
  5825 | D:8      | Reached **** piety under Okawaru
  6220 | D:8      | Reached skill level 12 in Axes
  6569 | D:9      | Noticed a komodo dragon
  6583 | D:9      | Reached XP level 10. HP: 68/83 MP: 7/9
  6596 | D:9      | Reached skill level 13 in Axes
  6606 | D:9      | Found a staircase to the Lair.
  6615 | D:9      | Reached ***** piety under Okawaru
  6646 | Lair:1   | Entered Level 1 of the Lair of Beasts
  6954 | Lair:1   | Noticed a cane toad
  6964 | Lair:1   | Killed a cane toad
  7137 | Lair:1   | Found a dark tunnel.
  7463 | Lair:1   | Found a runed translucent door.
  7790 | Lair:2   | Reached skill level 14 in Axes
  8332 | Lair:3   | Noticed an elephant
  8332 | Lair:3   | Noticed an elephant
  8332 | Lair:3   | Noticed an elephant
  8339 | Lair:3   | Killed an elephant
  8345 | Lair:3   | Killed an elephant
  8354 | Lair:3   | Killed an elephant
  8354 | Lair:3   | Received a gift from Okawaru
  8354 | Lair:3   | Found the +14 obsidian axe {vorpal, Mesm Drain Fly SInv}
  8355 | Lair:3   | Reached XP level 11. HP: 71/94 MP: 10/10
  8360 | Lair:3   | Noticed a six-headed hydra
  8371 | Lair:3   | Slain by an 11-headed hydra

Illustrated notes

Levels and vault maps discovered:
D:1:      tarquinn_simple_flora_water_f, layout_basic, nicolae_grassy_gnolls
D:2:      layout_basic, shapermc_ecumenical_altar_flowoftime, basic_altar,
          uniq_crazy_yiuf_cottage, uniq_terence
D:3:      layout_basic, uniq_sigmund, uniq_jessica
D:4:      layout_rooms, grunt_decor_clamped, minmay_misc_feat_plants,
          minivault_11, minmay_manual_mares
D:5:      layout_basic, mainiacjoe_overflow_alcove_3, serial_shops, shop
D:6:      layout_basic, grunt_gozag_statues, corexii_item_surrounded_by_moat
D:7:      layout_basic, nicolae_overflow_two_pavilions,
          minmay_temple_entry_mist, nicolae_figureground_pulse
D:8:      layout_layer_cave, trog_book, nicolae_tso_besieged_by_evil
D:9:      layout_basic, due_lair_maze_entry_diamond
Lair:1:   gammafunk_indiana_jones, layout_cave_pods,
          nicolae_volcano_entry_s_turn, dreamdust_mushroom_princess,
          infiniplex_staircase_pool, lemuel_fruit_fields
Lair:2:   layout_loops_ring, minivault_27
Lair:3:   layout_small_grid, minmay_shoals_entry_centaurs,
          hellmonk_spider_entry_life_and_decay, gauntlet_entry_generic,
          grunt_megastairs_1, serial_bayou_shore_b, lemuel_fruit_fields

Skill      XL: |  1  2  3  4  5  6  7  8  9 10 |
---------------+-------------------------------+-----
Shields        | 4 5 6 8 9 |  9.6
Armour         | 4 5 6 7 8 |  8.2
Axes           | 3 5 6 8 10 12 14 | 14.6
Fighting       | 4 5 6 7 |  7.9
Dodging        | 1 2 3 |  3.1
Invocations    | 1 |  1.2
Stealth        | |  0.8

Action                   |  1- 3 |  4- 6 |  7- 9 | 10-12 || total
-------------------------+-------+-------+-------+-------++-------
Melee: War axe           |   133 |    50 |   258 |   142 ||   583
       Headbutt          |    29 |     5 |    43 |    42 ||   119
       Broad axe         |       |       |       |     5 ||     5
Invok: Heroism           |       |     2 |     5 |     4 ||    11
  Use: Scroll            |     4 |     5 |    12 |     2 ||    23
       Potion            |     3 |     2 |     2 |     4 ||    11
Armor: Scale mail        |    43 |    16 |     2 |       ||    61
       Chain mail        |       |       |   119 |    54 ||   173
Dodge: Dodged            |    36 |    24 |    92 |    53 ||   205
Block: Buckler           |     6 |       |       |       ||     6
       Kite shield       |    41 |    38 |   234 |   126 ||   439
